 Dungeon Crawl Stone Soup version 0.18.1-48-g4cf74bf (webtiles) character file.

4058 GordonOverkill the Cleaver (level 10, -3/88 HPs)
             Began as a Hill Orc Wanderer on July 3, 2016.
             Was a Priest of Makhleb.
             Slain by Erolcha
             ... wielding a +0 giant club
              (14 damage)
             ... on level 9 of the Dungeon.
             The game lasted 00:36:13 (12187 turns).

GordonOverkill the Cleaver (Hill Orc Wanderer)     Turns: 12187, Time: 00:36:13

Health: -3/88      AC: 19    Str: 20    XL:     10   Next: 25%
Magic:  10/10      EV:  6    Int: 16    God:    Makhleb [***...]
Gold:   795        SH:  0    Dex: 14    Spells: 0 memorised, 9 levels left

rFire  + . .     SeeInvis .     r - +0 war axe
rCold  . . .     Gourm    .     B - +1 plate armour {rF+}
rNeg   + . .     Faith    .     (no shield)
rPois  .         Spirit   .     k - +1 hat
rElec  +         Dismiss  .     A - +0 cloak
rCorr  .         Reflect  .     (no gloves)
SustAt .         Harm     .     D - +1 pair of boots of Grottiness {rElec rN+ Int+4}
MR     .....                    C - amulet of regeneration
Stlth  ..........               (no ring)
                                (no ring)

@: confused, mighty, not resistant to hostile enchantments, extremely unstealthy
A: no striking features
a: Minor Destruction, Lesser Servant of Makhleb, Renounce Religion


You were on level 9 of the Dungeon.
You worshipped Makhleb.
Makhleb was most pleased with you.
You were not hungry.

You visited 2 branches of the dungeon, and saw 10 of its levels.

You collected 795 gold pieces.

Inventory:

Hand Weapons
 a - a +2 mace
 b - a +0 shortbow
 r - a +0 war axe (weapon)
Missiles
 c - 126 arrows
 w - 3 poisoned tomahawks (quivered)
 x - 3 throwing nets
Armour
 h - a +0 buckler
 k - a +1 hat (worn)
 A - a +0 cloak (worn)
 B - a +1 plate armour of fire resistance (worn)
 D - the +1 pair of boots of Grottiness (worn) {rElec rN+ Int+4}
   (You found it on level 6 of the Dungeon)

   It affects your intelligence (+4).
   It insulates you from electricity.
   It protects you from negative energy.
Jewellery
 C - an amulet of regeneration (around neck)
Wands
 e - a wand of digging (24/24)
 m - a wand of confusion (23/48)
Scrolls
 g - 2 scrolls of recharging
 j - 6 scrolls of remove curse
 o - a scroll of teleportation
 t - 2 scrolls of magic mapping
 u - a scroll of identify
 y - a scroll of acquirement {unknown}
Potions
 d - 2 potions of lignification
 l - 2 potions of flight
 p - 2 potions of might
 q - 3 potions of mutation
 z - a potion of brilliance {unknown}
 G - a potion of cure mutation {unknown}
Books
 s - a book of Annihilations

   Spells                             Type                      Level
   a - Poison Arrow                   Conjuration/Poison           6
   b - Chain Lightning                Conjuration/Air              8
   c - Lehudib's Crystal Spear        Conjuration/Earth            8
   d - Glaciate                       Conjuration/Ice              9
   e - Fire Storm                     Conjuration/Fire             9
 v - Vehumet's Incunabulum of Conjuration
   (You found it on level 8 of the Dungeon)

   Spells                             Type                      Level
   a - Magic Dart                     Conjuration                  1
 F - a book of Changes

   Spells                             Type                      Level
   a - Beastly Appendage              Transmutation                1
   b - Sticks to Snakes               Transmutation                2
   c - Spider Form                    Transmutation/Poison         3
   d - Ice Form                       Ice/Transmutation            4
   e - Blade Hands                    Transmutation                5
Comestibles
 f - 8 bread rations
 i - 6 fruits
 n - 3 meat rations
 E - 7 beef jerkies
 H - 3 chunks of flesh


   Skills:
 - Level 8.0 Fighting
 + Level 13.4(13.9) Axes
 - Level 5.4(9.3) Maces & Flails
 - Level 8.0 Armour
 + Level 1.3 Shields
 - Level 1.0 Evocations


You had 9 spell levels left.
You didn't know any spells.

Dungeon Overview and Level Annotations

Branches:
Dungeon (9/15)             Temple (1/1) D:4            Lair (0/8) D:8
    Orc: D:9-12

Altars:
Ashenzari
Cheibriados
Dithmenos
Elyvilon
Gozag
Kikubaaqudgha
Makhleb
Nemelex Xobeh
Okawaru
Qazlal
Ru
Sif Muna
Trog
Vehumet
Xom
Yredelemnul
Zin
The Shining One

Shops:
D:5 *

Annotations:
D:9 Erolcha


Message History

Erolcha casts a spell at you. The bolt of lightning hits you! You resist.
* * * LOW HITPOINT WARNING * * *
Unknown command.
You bump into the rock wall.
The black bear rages.
Erolcha gestures at you while chanting. The magic dart hits you!
Unknown command.
You slice Erolcha!!
Erolcha is heavily wounded.
Erolcha hits you with a giant club!
* * * LOW HITPOINT WARNING * * *
Unknown command.
You're too confused!
Unknown command.
You're too confused!
Unknown command.
You're too confused to move!
Erolcha hits you with a giant club!
You die...

.## ###### ######.# ##...
######....#####<.....# #....
........†)..................
.#≈≈≈...).##########.###...
.≈≈≈≈...### #.# #..#.
.≈≈≈≈...## #.# ### #...#
.........#####.####≈####..#
#.#........@Oh............#
._.......#####.##≈≈.≈≈##..+
#.#..........#...<........#
..........................#
.####..........#≈..≈≈......#
#........#.##..≈≈.##.##.
#........#.##..≈≈.......
#........#.##..≈#.##.##
........^..+......#.## #


You could see Erolcha and a black bear (berserk).

Vanquished Creatures
  The ghost of Kloppie the Poker, an amateur NaBe of Trog (D:3)
  2 yaks (D:6)
  Menkaure (D:5)
  A sky beast (D:8)
  2 orc warriors
  An ice beast (D:5)
  2 phantoms (D:6)
  An ogre (D:6)
  A centaur (D:7)
  2 crocodiles (D:8)
  Blork the orc (D:5)
  9 big kobolds (D:8)
  3 giant frogs
  A jelly (D:8)
  A water moccasin zombie (D:8)
  A scorpion (D:6)
  4 hounds
  3 crimson imps
  9 orc priests
  Crazy Yiuf (D:5)
  13 orc wizards
  Terence (D:1)
  3 iguanas
  Ijyb (D:2)
  6 worker ants
  3 hound zombies
  9 adders
  2 river rats (D:8)
  2 oozes
  An adder skeleton (D:7)
  4 worms
  3 dart slugs
  4 giant geckos
  32 orcs
  A ball python (D:4)
  11 bats
  6 giant cockroaches
  12 goblins
  13 hobgoblins
  13 jackals
  5 quokkas
  A giant gecko zombie (D:8)
  10 giant newts
  21 kobolds
  A quokka zombie (D:9)
  19 rats
244 creatures vanquished.

Vanquished Creatures (others)
  A fungus (D:8)
1 creature vanquished.

Grand Total: 245 creatures vanquished

Notes
Turn   | Place    | Note
--------------------------------------------------------------
     0 | D:1      | GordonOverkill the Hill Orc Wanderer began the quest for the Orb.
     0 | D:1      | GordonOverkill set off with: a +2 mace, a +0 shortbow, 20 arrows, a potion of lignification, a +0 robe, a bread ration
     0 | D:1      | Reached XP level 1. HP: 18/18 MP: 1/1
    29 | D:1      | Reached XP level 2. HP: 9/26 MP: 2/2
   586 | D:1      | Reached XP level 3. HP: 33/33 MP: 3/3
  1179 | D:2      | Noticed Terence
  1202 | D:1      | Killed Terence
  1202 | D:1      | Reached skill level 5 in Fighting
  1202 | D:1      | Reached XP level 4. HP: 23/42 MP: 4/4
  1477 | D:2      | Found a glowing golden altar of the Shining One.
  1477 | D:2      | Found a white marble altar of Elyvilon.
  1478 | D:2      | Found a glowing silver altar of Zin.
  1531 | D:2      | Noticed Ijyb
  1549 | D:2      | Killed Ijyb
  1764 | D:2      | Reached XP level 5. HP: 47/50 MP: 5/5
  2119 | D:2      | Found an opulent altar of Gozag.
  2417 | D:3      | Noticed Kloppie's ghost (amateur NaBe)
  3491 | D:3      | Reached skill level 2 in Axes
  3491 | D:3      | Reached XP level 6. HP: 32/60 MP: 6/6
  4836 | D:3      | Found a sacrificial altar of Ru.
  4850 | D:3      | Reached skill level 3 in Axes
  5309 | D:4      | Reached skill level 4 in Axes
  5348 | D:4      | Reached skill level 5 in Axes
  5906 | D:4      | Reached XP level 7. HP: 66/66 MP: 7/7
  5919 | D:4      | Reached skill level 6 in Axes
  6137 | D:4      | Reached skill level 7 in Axes
  6365 | D:4      | Reached skill level 8 in Axes
  6504 | D:4      | Found a staircase to the Ecumenical Temple.
  6513 | Temple   | Entered the Ecumenical Temple
  6851 | Temple   | Became a worshipper of Makhleb the Destroyer
  6905 | D:5      | Entered Level 5 of the Dungeon
  6920 | D:5      | Found Moba's General Store.
  7083 | D:5      | Noticed Menkaure
  7435 | D:5      | Reached XP level 8. HP: 43/73 MP: 5/8
  7629 | D:5      | Reached skill level 9 in Axes
  7783 | D:5      | Killed Menkaure
  7783 | D:5      | Reached * piety under Makhleb
  8211 | D:5      | Noticed Blork the orc
  8225 | D:5      | Killed Blork the orc
  8252 | D:5      | Noticed Crazy Yiuf
  8263 | D:5      | Killed Crazy Yiuf
  8375 | D:6      | Found a sparkling altar of Nemelex Xobeh.
  8386 | D:6      | Found an iron altar of Okawaru.
  8554 | D:6      | Reached skill level 10 in Axes
  9218 | D:6      | Found a shimmering altar of Xom.
  9218 | D:6      | Found a shimmering altar of Xom.
  9219 | D:6      | Found a shimmering altar of Xom.
  9220 | D:6      | Found a shimmering altar of Xom.
  9220 | D:6      | Found a shimmering altar of Xom.
  9221 | D:6      | Found a shimmering altar of Xom.
  9301 | D:6      | Got a pair of distressingly furry boots
  9307 | D:6      | Identified the +1 pair of boots of Grottiness {rElec rN+ Int+4} (You found it on level 6 of the Dungeon)
  9325 | D:6      | Found a shimmering altar of Xom.
  9708 | D:7      | Noticed a yak
  9708 | D:7      | Noticed a yak
  9708 | D:7      | Noticed a yak
  9731 | D:6      | Killed a yak
  9731 | D:6      | Reached skill level 5 in Armour
  9731 | D:6      | Reached XP level 9. HP: 35/79 MP: 9/9
  9734 | D:6      | Reached skill level 11 in Axes
 10150 | D:3      | Killed Kloppie's ghost
 10534 | D:7      | Reached skill level 12 in Axes
 10725 | D:7      | Reached ** piety under Makhleb
 11090 | D:8      | Reached XP level 10. HP: 83/86 MP: 10/10
 11122 | D:8      | Reached skill level 13 in Axes
 11279 | D:8      | Reached *** piety under Makhleb
 11441 | D:8      | Found a staircase to the Lair.
 11692 | D:8      | Found an ancient bone altar of Kikubaaqudgha.
 11693 | D:8      | Found a radiant altar of Vehumet.
 11694 | D:8      | Found a deep blue altar of Sif Muna.
 11700 | D:8      | Identified Vehumet's Incunabulum of Conjuration
 12092 | D:9      | Found a shattered altar of Ashenzari.
 12161 | D:9      | Noticed Erolcha
 12187 | D:9      | Slain by Erolcha

Skill      XL: |  1  2  3  4  5  6  7  8  9 10 |
---------------+-------------------------------+-----
Fighting       | 3 4 5 6 7 8 |  8.0
Axes           | 2 5 8 10 12 13 | 13.4
Armour         | 5 8 |  8.0
Maces & Flails | |  5.4
Shields        | |  1.3
Evocations     | |  1.0

Action                   |  1- 3 |  4- 6 |  7- 9 | 10-12 || total
-------------------------+-------+-------+-------+-------++-------
Melee: Mace              |   105 |   154 |       |       ||   259
       War axe           |       |   171 |   545 |   180 ||   896
  Use: Scroll            |       |       |    15 |     2 ||    17
       Potion            |       |       |       |     1 ||     1
 Stab: Sleeping          |     2 |       |       |       ||     2
       Distracted        |     1 |       |       |       ||     1
       Paralysed         |       |     1 |       |       ||     1
  Eat: Chunk             |     1 |    10 |    17 |     4 ||    32
       Meat ration       |       |     1 |       |       ||     1
Armor: Robe              |    15 |       |       |       ||    15
       Scale mail        |       |   135 |   163 |       ||   298
       Plate armour      |       |       |   143 |   131 ||   274
Dodge: Dodged            |    52 |   117 |   157 |    31 ||   357
